Zazza, neutral female human Tourist -------- |......| |......| |......| |......| --.----- #### # # ## # ---.-- #######a@...| -----# |.>.f| |...|# |..f.| |<..|# |....| +...-# |....| |..^| |....| ----- ------ Zazza the Rambler Experience level: 1 Strength: 9 Dexterity: 11 Constitution: 14 Intelligence: 13 Wisdom: 10 Charisma: 18 Health: 0(16) Energy: 3(3) Def: 0 Gold: 3359 Moves: 2646 Dungeon seed: JWaLftMtOI-rSjUM Game ID: Zazza_1599649004 Your Inventory: Coins $ - 3359 gold pieces Amulets p - a blessed amulet of ESP (being worn) Weapons a - 23 +2 darts s - a +0 sling u - a cursed -1 orcish dagger v - a +0 orcish dagger y - a cursed -4 fauchard C - 11 +0 darts N - a +0 crossbow O - a cursed +0 orcish dagger P - 40 cursed +2 darts Q - a cursed +0 dart R - a cursed +0 sling S - a cursed +0 sling Armor e - an uncursed +0 Hawaiian shirt (being worn) T - an uncursed +0 orcish helm U - an uncursed +0 pair of speed boots Comestibles d - an uncursed slime mold f - an uncursed food ration V - an uncursed apple W - a cursed carrot Z - 8 cursed food rations Scrolls q - an uncursed scroll of teleportation E - an uncursed scroll of light I - a cursed scroll of fire K - a cursed scroll of create monster Spellbooks b - an uncursed spellbook of fireball x - an uncursed spellbook of haste self Potions j - 3 uncursed potions of extra healing r - an uncursed potion of confusion t - an uncursed potion of oil M - a cursed potion of extra healing Rings F - an uncursed ring of teleport control Wands H - a cursed wand of light (0:14) J - a cursed wand of cold (0:4) Tools k - an uncursed skeleton key m - an expensive camera (0:82) G - an uncursed towel Spells and supernatural/magical abilities: Name Level Category Fail Memory H - haste self 3 escape 100% 93% W - pray for help -- divine ? -- Your skills at the end: Fighting Skills Weapon Skills dart [Basic] Spellcasting Skills Final Attributes: You were stridently aligned. You were telepathic. You are dead. Vanquished creatures: a little dog 2 floating eyes a homunculus a dwarf zombie a wererat 2 iguanas 2 coyotes a gas spore a giant rat 5 cave spiders 2 brown molds a yellow mold a red mold 2 geckos 5 jackals 2 kobolds 2 goblins 2 sewer rats 12 grid bugs 6 lichens 2 kobold zombies 5 newts 59 creatures vanquished. Voluntary challenges: You used a wielded weapon 3 times, starting on turn 1073. You read items or engraved 13 times, starting on turn 94. You never genocided any monsters. You never polymorphed an object. You never changed form. You used no wishes. You never split a pudding. You never wrote Elbereth's name. You never violated your personal moral code. Dungeon overview: The Dungeons of Doom: levels 1 to 7 Level 1 some fountains a long staircase Level 2 a fountain Level 3 Level 4 a long staircase Level 5 an altar to The Lady, a fountain Level 6 some fountains Level 7 <- You were here History has recorded: On T:1 you entered the Dungeons of Doom to retrieve the Amulet of Yendor! On T:289 you reached level 2 of The Dungeons of Doom. On T:669 you reached level 3 of The Dungeons of Doom. On T:1009 you reached level 4 of The Dungeons of Doom. On T:1362 you reached level 5 of The Dungeons of Doom. On T:1969 you reached level 6 of The Dungeons of Doom. On T:2508 you reached level 7 of The Dungeons of Doom. Score breakdown: Gold: 2564 (11596 points) Experience: 1 level ( 0 points) Exploration: 7 levels ( 14.89%) (10834 points) Discoveries: 1 item ( 0.34%) ( 1737 points) Valuables value: (no points given unless you survive) Artifact value: 0 ( 0 points) Variety of kills: 22 monsters ( 5.77%) ( 7208 points) Turncount: 2646 turns ( -414 points) Survival: died (score multiplied by 80%) Total score: 24768 Latest messages: You consume rotten rock piercer. You can't seem to think straight. You bump into Armand. You feel incredibly sick. You displace Armand. You suddenly vomit! You're done throwing up. You displace Armand. You bump into Armand. (2x) You feel a bit steadier now. You feel tired. You feel less confused now. You displace Armand. You have a little trouble lifting $ - 146 gold pieces. You displace Armand. You stop. Armand is in the way! You displace Armand. You have a little trouble lifting $ - 29 gold pieces. You displace Armand. You hear bubbling water. The giant ant bites! (3x) You stop. Armand is in the way! The giant ant bites! (3x) You die... Final status: Aloha Zazza the Tourist, killed by a giant ant... You died in The Dungeons of Doom on dungeon level 7 with 24768 points, and 3359 pieces of gold, after 2646 moves. You were level 1 with a maximum of 16 hit points when you died.